 Dungeon Crawl Stone Soup version 0.20-a0-553-g9f38e11 (webtiles) character file.

237920 Klosterheim the Tortoise (level 18, -2/163 HPs)
             Began as a Minotaur Fighter on Feb 3, 2017.
             Was the Champion of Okawaru.
             Killed by drain life
             ... invoked by a soul eater
             ... summoned by a deep elf mage
              (4 damage)
             ... on level 1 of the Elven Halls.
             The game lasted 01:41:12 (34984 turns).

Klosterheim the Tortoise (Minotaur Fighter)        Turns: 34984, Time: 01:41:14

Health: -2/163     AC: 28    Str: 30    XL:     18   Next: 54%
Magic:  22/23      EV: 19    Int:  5    God:    Okawaru [******]
Gold:   3198       SH: 17    Dex: 10    Spells: 15/17 levels left

rFire    + . .     SeeInvis +   K - +6 morningstar of Kesmalesh {vamp, *Slow MR++}
rCold    + + .     Gourm    .   T - +1 plate armour {rF+}
rNeg     + . .     Faith    +   u - +1 shield {rC+}
rPois    .         Spirit   .   s - +2 hat of Jiag {+Inv Regen+ rCorr Dex-4}
rElec    .         Reflect  .   j - +0 cloak of Sunlight {rN+ Dex+2 Slay+2}
rCorr    +         Harm     .   M - +2 pair of gloves {Str+3}
MR       +++..                  h - +0 pair of boots
Stlth    ..........             Y - amulet of faith
Regen    0.8/turn               J - +4 ring of evasion
                                d - ring of see invisible

@: no status effects
A: retaliatory headbutt, hooves 1, horns 2, cold resistance 1, wild magic 2
}: 2/15 runes: decaying, gossamer
a: Heroism, Finesse, Renounce Religion, Evoke Invisibility


You were on level 1 of the Elven Halls.
You worshipped Okawaru.
Okawaru was exalted by your worship.
You were not hungry.

You visited 8 branches of the dungeon, and saw 34 of its levels.
You also visited: Labyrinth and Volcano.

You collected 3198 gold pieces.

Inventory:

Hand Weapons
 g - a +2 antimagic demon whip
 K - the +6 morningstar of Kesmalesh (weapon) {vamp, *Slow MR++}
   (You found it on level 3 of the Lair of Beasts)

   It inflicts no extra harm, but heals its wielder when it wounds a living foe.
   It affects your resistance to hostile enchantments.
   It may slow you when you take damage.
 O - a +8 eveningstar of protection
Armour
 a - a +2 cloak of poison resistance
 h - a +0 pair of boots (worn)
 j - the +0 cloak of Sunlight (worn) {rN+ Dex+2 Slay+2}
   (Okawaru gifted it to you on level 14 of the Dungeon)

   It affects your dexterity (+2).
   It affects your accuracy and damage with ranged weapons and melee attacks
   (+2).
   It protects you from negative energy.
 s - the +2 hat of Jiag (worn) {+Inv Regen+ rCorr Dex-4}
   (Okawaru gifted it to you on level 4 of the Spider Nest)

   It affects your dexterity (-4).
   It lets you turn invisible.
   It increases your rate of regeneration.
   It protects you from acid and corrosion.
 u - a +1 shield of cold resistance (worn)
 M - a +2 pair of gloves of strength (worn)
 T - a +1 plate armour of fire resistance (worn)
Jewellery
 d - a ring of see invisible (left hand)
 J - a +4 ring of evasion (right hand)
 W - an uncursed ring of protection from magic
 Y - an amulet of faith (around neck)
Wands
 m - a wand of acid (9/15)
 U - a wand of digging (18/24)
Scrolls
 c - 13 scrolls of remove curse
 n - 7 scrolls of identify
 o - 3 scrolls of enchant weapon
 x - 4 scrolls of enchant armour
 y - 2 scrolls of recharging
 F - a scroll of summoning
 H - 16 scrolls of teleportation
 N - a scroll of magic mapping
 Q - 6 scrolls of fog
 R - 4 scrolls of fear
Potions
 e - 4 potions of cancellation
 k - 8 potions of heal wounds
 p - 11 potions of curing
 r - 5 potions of invisibility
 t - a potion of resistance
 w - 3 potions of ambrosia
 C - 2 potions of berserk rage
 D - 4 potions of lignification
 G - 3 potions of might
 I - 2 potions of cure mutation
 Z - 2 potions of agility
Books
 z - a book of Spatial Translocations

   Spells                             Type                      Level
   a - Blink                          Translocation                2
   b - Shroud of Golubria             Charms/Translocation         2
   c - Lesser Beckoning               Translocation                3
   d - Portal Projectile              Translocation                3
   e - Teleport Other                 Translocation                3
   f - Passage of Golubria            Translocation                4
 B - a book of Transfigurations

   Spells                             Type                      Level
   a - Irradiate                      Conjuration/Transmutation    5
   b - Statue Form                    Transmutation/Earth          6
   c - Hydra Form                     Transmutation                6
   d - Dragon Form                    Transmutation                7
 P - a book of Minor Magic

   Spells                             Type                      Level
   a - Magic Dart                     Conjuration                  1
   b - Blink                          Translocation                2
   c - Call Imp                       Summoning                    2
   d - Repel Missiles                 Charms/Air                   2
   e - Slow                           Hexes                        2
   f - Conjure Flame                  Conjuration/Fire             3
   g - Mephitic Cloud                 Conjuration/Poison/Air       3
 S - a book of Summonings

   Spells                             Type                      Level
   a - Recall                         Summoning/Translocation      3
   b - Aura of Abjuration             Summoning                    5
   c - Summon Demon                   Summoning                    5
   d - Summon Forest                  Summoning/Translocation      5
   e - Summon Mana Viper              Hexes/Summoning              5
   f - Shadow Creatures               Summoning                    6
Miscellaneous
 l - a lamp of fire
Comestibles
 b - 13 chunks of flesh
 f - 15 bread rations
 i - 25 fruits
 q - 17 royal jellies
 A - 12 meat rations


   Skills:
 - Level 15.1 Fighting
 - Level 16.3 Maces & Flails
 - Level 18.3 Armour
 - Level 15.1 Dodging
 - Level 18.2 Shields
 - Level 6.2 Invocations
 + Level 9.0 Evocations


You had 15 spell levels left.
You knew the following spells:

 Your Spells              Type           Power        Failure   Level  Hunger
a - Shroud of Golubria    Chrm/Tloc      #.........   100%        2    ###....


Dungeon Overview and Level Annotations

Branches:
Dungeon (15/15)            Temple (1/1) D:4            Lair (6/6) D:10
  Swamp (4/4) Lair:2       Spider (4/4) Lair:2        Slime (0/5) Lair:6
    Orc (2/2) D:10            Elf (1/3) Orc:2        Vaults (0/5) D:13
 Depths (1/5) D:15

Altars:
Ashenzari
Cheibriados
Dithmenos
Elyvilon
Fedhas
Gozag
Hepliaklqana
Kikubaaqudgha
Makhleb
Nemelex Xobeh
Okawaru
Qazlal
Ru
Sif Muna
Trog
Uskayaw
Vehumet
Xom
Yredelemnul
Zin
The Shining One
Beogh

Shops:
D:8 %   Orc:1 %[(   Orc:2 :%%(

Portals:
Ziggurat: Depths:1

Annotations:
D:7 2 exclusions
Lair:4 exclusion: 2 oklob plants
Lair:5 exclusion: 3 oklob plants


Innate Abilities, Weirdness & Mutations

You reflexively headbutt those who attack you in melee.
You have a pair of horns on your head.
You have large cloven feet.
Your flesh is cold resistant. (rC+)
Your spells are harder to cast, but more powerful.


Message History

The deep elf mage gestures wildly while chanting.
You hit the earth elemental but do no damage.
You headbutt the earth elemental, but do no damage.
The earth elemental is heavily damaged.
The hell rat bites you but does no damage.
The earth elemental misses you.
The deep elf mage gestures wildly while chanting.
You sock the earth elemental!
The earth elemental is severely damaged.
The deep elf mage points at you and mumbles some strange words.
The bolt of lightning hits the earth elemental.
The earth elemental completely resists.
The bolt of lightning hits you!
* * * LOW HITPOINT WARNING * * *
The bolt of lightning hits you!
* * * LOW HITPOINT WARNING * * *
The bolt of lightning hits the hell rat.
The hell rat dies!
The hell rat's corpse disappears in a puff of smoke!
The soul eater draws from the surrounding life force!
You die...

######.........[#####
#...#'#..#####.#.##.##
........## #.##'...##
.......##
####.##.:3..##
......##
##..e..[..P...#
#.....# ...#.##§.e..##
).#..## #...###4s.##
)....# .#...EE##§#.##
###### .....#.#@####
#.e.E## #.....##
....[.. .......
.#..... ...#... #####
.....#. ..... .#.....


You could see a soul eater, a demonic crawler, an earth elemental, 2 deep elf
magi and a red devil.

Vanquished Creatures
  the Lernaean hydra (Swamp:4)
  Nikola (Spider:4)
  Arachne (Spider:4)
  Rupert (Orc:2)
  2 thorn hunters
  Agnes (Spider:2)
  7 ghost moths
  A frost giant (D:15)
  Louise (Spider:2)
  Aizul (Swamp:1)
  5 emperor scorpions
  3 entropy weavers (Spider:3)
  A very ugly thing (Swamp:2)
  A stone giant (Depths:1)
  6 dire elephants (Lair:6)
  A spark wasp (Spider:4)
  A fire dragon (Depths:1)
  A minotaur (Lab)
  Josephine (Orc:1)
  The ghost of B1inky the Prestidigitator, a journeyman GrFi of Makhleb (Lair:1)
  A rakshasa (Depths:1)
  22 hydras
  A ghost crab (Swamp:2)
  Harold (Lair:1)
  An anaconda (Lair:6)
  A vault guard (D:13)
  3 dancing weapons
  8 two-headed ogres
  5 alligators
  4 centaur warriors
  A queen ant (Spider:3)
  An ogre mage (Depths:1)
  The ghost of YrmMerkstave the Spear-Bearer, a novice MiFi of Qazlal (D:8)
  6 tengu warriors
  4 death yaks (Lair:3)
  A deep elf knight (Elf:1)
  3 orc high priests (Orc:2)
  Sonja (Orc:2)
  3 spriggan druids
  8 swamp dragons (Swamp:4)
  The ghost of nht the Grappler, a novice DrTm of Yredelemnul (D:6)
  An unseen horror (D:11)
  5 wizards (Volcano)
  5 orc knights
  2 shambling mangroves
  A wolf spider zombie (D:15)
  9 orc sorcerers
  17 deep elf magi (Elf:1)
  35 wolf spiders
  17 ugly things
  26 orb spiders
  10 elephants
  3 moths of wrath
  5 cyclopes
  4 centaur zombies
  2 black mambas
  5 toenail golems (Volcano)
  A black mamba (shapeshifter) (D:14)
  6 gargoyles
  A torpor snail (Spider:1)
  4 komodo dragons
  A kobold demonologist (D:12)
  16 spiny frogs
  14 demonic crawlers
  A rime drake (shapeshifter) (D:15)
  A komodo dragon (shapeshifter) (D:15)
  A rime drake (Lair:2)
  A tengu conjurer (D:15)
  A queen bee (D:8)
  A meliai (shapeshifter) (D:15)
  4 trolls
  38 jumping spiders
  A polar bear (Lair:6)
  22 hornets
  3 blink frogs (Lair:6)
  2 tyrant leeches
  6 hippogriffs
  5 slime creatures (Swamp:1)
  7 dream sheep (Lair:6)
  6 bog bodies
  A meliai zombie (D:11)
  A centaur simulacrum (D:13)
  2 shadows
  76 redbacks
  A water elemental (Elf:1)
  7 wraiths
  3 spriggans (Swamp:2)
  17 tarantellas
  4 wyverns
  48 yaks
  6 basilisks
  A human (shapeshifter) (Elf:1)
  4 hungry ghosts
  18 vampire mosquitoes
  3 wargs
  18 swamp worms
  15 insubstantial wisps
  Edmund (D:4)
  4 soldier ants
  13 porcupines
  12 water moccasins
  8 swamp drakes
  27 orc warriors
  4 sky beasts
  2 phantoms
  6 ice beasts
  5 black bears
  12 ogres
  3 eyes of draining
  A necrophage (D:10)
  A hornet zombie (D:11)
  34 wolves
  10 centaurs
  16 crocodiles
  6 big kobolds
  18 bullfrogs
  Blork the orc (D:5)
  2 gnoll sergeants (D:10)
  5 scorpions
  A wyvern skeleton (D:6)
  20 killer bees
  8 wights
  An electric eel (Spider:4)
  2 howler monkeys (D:9)
  9 crimson imps
  4 jellies
  2 quasits
  6 hounds
  3 centaur skeletons
  20 orc wizards
  14 orc priests
  4 bullfrog skeletons
  5 iguanas
  11 worker ants
  A hound skeleton (D:5)
  A worker ant zombie (D:5)
  14 gnolls
  A howler monkey skeleton (D:8)
  9 adders
  5 shadow imps
  2 oozes
  3 worms
  2 adder skeletons
  4 dart slugs
  5 leopard geckos
  71 orcs
  6 giant cockroaches
  19 goblins
  19 hobgoblins
  10 jackals
  24 kobolds
  5 quokkas
  A ball python (D:1)
  8 bats
  2 frilled lizards
  A jackal skeleton (D:6)
  A jackal zombie (D:5)
  A quokka skeleton (D:5)
  5 rats
  A fungus (Swamp:1)
  3 plants
1155 creatures vanquished.

Vanquished Creatures (others)
  2 deep elf magi (Elf:1)
  2 hornets (Swamp:4)
  2 spriggans (Swamp:4)
  A water elemental (D:14)
  A fungus (Lair:6)
  5 plants
13 creatures vanquished.

Grand Total: 1168 creatures vanquished

Notes
Turn   | Place    | Note
-------+----------+-------------------------------------------
     0 | D:1      | Klosterheim the Minotaur Fighter began the quest for the Orb.
     0 | D:1      | Reached XP level 1. HP: 19/19 MP: 0/0
   214 | D:1      | Reached XP level 2. HP: 18/26 MP: 1/1
   479 | D:1      | Reached XP level 3. HP: 22/31 MP: 2/2
   885 | D:2      | Reached skill level 5 in Maces & Flails
  1330 | D:3      | Reached XP level 4. HP: 39/39 MP: 3/3
  1850 | D:3      | Found an opulent altar of Gozag.
  1854 | D:3      | Found a glowing golden altar of the Shining One.
  1856 | D:3      | Found an ancient bone altar of Kikubaaqudgha.
  1857 | D:3      | Found a white marble altar of Elyvilon.
  1858 | D:3      | Found a burning altar of Makhleb.
  1859 | D:3      | Found a hide-covered altar of Uskayaw.
  2053 | D:4      | Reached XP level 5. HP: 40/45 MP: 4/4
  2084 | D:4      | Noticed a sky beast
  2096 | D:4      | Killed a sky beast
  2337 | D:4      | Noticed an ogre
  2403 | D:4      | Killed an ogre
  2403 | D:4      | Reached XP level 6. HP: 48/51 MP: 5/5
  2694 | D:4      | Noticed Edmund
  2699 | D:4      | Killed Edmund
  2940 | D:4      | Reached XP level 7. HP: 57/57 MP: 6/6
  2992 | D:4      | Found a staircase to the Ecumenical Temple.
  3028 | D:4      | Got a blackened scale mail
  3039 | D:4      | Identified the +0 scale mail of Xeac {Str+5} (You found it on level 4 of the Dungeon)
  3216 | Temple   | Entered the Ecumenical Temple
  3268 | Temple   | Became a worshipper of Warmaster Okawaru
  3344 | D:5      | Entered Level 5 of the Dungeon
  3366 | D:5      | Noticed Blork the orc
  3383 | D:5      | Killed Blork the orc
  3383 | D:5      | Reached skill level 10 in Maces & Flails
  3671 | D:5      | Reached * piety under Okawaru
  4058 | D:6      | Noticed nht's ghost (novice DrTm)
  4335 | D:6      | Reached skill level 1 in Invocations
  4335 | D:6      | Reached XP level 8. HP: 52/66 MP: 7/7
  4344 | D:6      | Reached skill level 5 in Armour
  4344 | D:6      | Reached skill level 5 in Shields
  4561 | D:6      | Reached skill level 5 in Fighting
  4562 | D:6      | Reached ** piety under Okawaru
  4946 | D:6      | Lost intelligence.
  5049 | D:6      | Killed nht's ghost
  5049 | D:6      | Reached XP level 9. HP: 75/75 MP: 8/8
  5401 | D:7      | Found a hazy altar of Hepliaklqana.
  5597 | D:7      | Reached *** piety under Okawaru
  5735 | D:7      | Noticed a troll
  5744 | D:7      | Killed a troll
  6162 | D:8      | Noticed YrmMerkstave's ghost (novice MiFi)
  6173 | D:8      | Killed YrmMerkstave's ghost
  6173 | D:8      | Reached **** piety under Okawaru
  6204 | D:8      | Found Gontoihy's Food Emporium.
  6430 | D:8      | Reached XP level 10. HP: 83/86 MP: 9/9
  6468 | D:8      | Reached skill level 10 in Shields
  6471 | D:8      | Reached skill level 10 in Armour
  6674 | D:8      | Reached ***** piety under Okawaru
  7125 | D:9      | Noticed a two-headed ogre
  7152 | D:9      | Killed a two-headed ogre
  7272 | D:9      | Found a radiant altar of Vehumet.
  7272 | D:9      | Found a stormy altar of Qazlal.
  7766 | D:10     | Entered Level 10 of the Dungeon
  8174 | D:10     | Found a staircase to the Orcish Mines.
  8211 | D:10     | Reached XP level 11. HP: 92/92 MP: 11/11
  8215 | D:10     | Received a gift from Okawaru
  8262 | D:10     | Got a scorched hat {god gift}
  8268 | D:10     | Identified the +0 hat "Tiyxoik" {+Blink rElec Regen+ Int-5} (Okawaru gifted it to you on level 10 of the Dungeon)
  8268 | D:10     | Lost intelligence.
  8512 | D:10     | Found a stormy altar of Qazlal.
  8713 | D:10     | Found a staircase to the Lair.
  8781 | D:11     | Killed an unseen horror
  8915 | D:11     | Noticed a two-headed ogre
  8925 | D:11     | Killed a two-headed ogre
  9058 | D:11     | Noticed a two-headed ogre
  9068 | D:11     | Killed a two-headed ogre
  9371 | D:11     | Noticed a two-headed ogre
  9398 | D:11     | Killed a two-headed ogre
  9500 | D:11     | Noticed a two-headed ogre
  9508 | D:11     | Killed a two-headed ogre
  9508 | D:11     | Received a gift from Okawaru
  9529 | D:11     | Noticed a seven-headed hydra
  9753 | D:11     | Killed a seven-headed hydra
  9780 | D:11     | Reached XP level 12. HP: 79/105 MP: 9/14
 10304 | D:12     | Reached skill level 5 in Invocations
 11408 | D:13     | Reached skill level 10 in Fighting
 11522 | D:13     | Noticed a five-headed hydra
 11532 | D:13     | Killed a five-headed hydra
 11636 | D:13     | Received a gift from Okawaru
 11839 | D:13     | Noticed a tengu warrior
 11861 | D:13     | Killed a tengu warrior
 11862 | D:13     | Noticed a vault guard
 11870 | D:13     | Noticed a tengu warrior
 11883 | D:13     | Killed a vault guard
 11897 | D:13     | Killed a tengu warrior
 12108 | D:13     | Found a gate to the Vaults.
 12166 | D:13     | Noticed a centaur warrior
 12174 | D:13     | Killed a centaur warrior
 12546 | Lair:1   | Entered Level 1 of the Lair of Beasts
 12606 | Lair:1   | Noticed a four-headed hydra
 12619 | Lair:1   | Killed a four-headed hydra
 12989 | Lair:1   | Noticed B1inky's ghost (journeyman GrFi)
 12990 | Lair:1   | Noticed Harold
 13038 | D:10     | Received a gift from Okawaru
 13038 | D:10     | Reached XP level 13. HP: 115/117 MP: 16/16
 13041 | D:10     | Got an ominously black robe {god gift}
 13056 | D:10     | Identified the +5 robe "Waasoxto" {rPois Slay+3} (Okawaru gifted it to you on level 10 of the Dungeon)
 13110 | Orc:1    | Entered Level 1 of the Orcish Mines
 13113 | Orc:1    | Reached skill level 1 in Dodging
 13339 | Orc:1    | Found Qais's Food Boutique.
 13458 | Orc:2    | Entered Level 2 of the Orcish Mines
 14013 | Orc:2    | Noticed Sonja
 14122 | Orc:2    | Killed Sonja
 14140 | Orc:2    | Reached skill level 5 in Dodging
 14861 | Orc:1    | Found a roughly hewn altar of Beogh.
 14862 | Orc:1    | Found Ufuonaud's Armour Boutique.
 14928 | Orc:1    | Found Heneijio's Weapon Shop.
 15031 | Orc:2    | Noticed Rupert
 15283 | Orc:2    | Killed Rupert
 15341 | Orc:2    | Found a staircase to the Elven Halls.
 15755 | Orc:2    | Noticed Josephine
 15831 | Orc:1    | Killed Josephine
 16798 | Orc:2    | Paralysed by an orc sorcerer for 2 turns
 16893 | Orc:2    | Found Zusech's Food Shoppe.
 16893 | Orc:2    | Found Pareal's Antique Weapon Boutique.
 16955 | Orc:2    | Found Pametwel's Book Shoppe.
 16955 | Orc:2    | Found Zynt's Food Boutique.
 17085 | Lair:1   | Killed Harold
 17120 | Lair:1   | Killed B1inky's ghost
 17840 | Lair:2   | Reached skill level 15 in Maces & Flails
 17863 | Lair:2   | Reached XP level 14. HP: 114/127 MP: 17/17
 18060 | Lair:2   | Found a hole to the Spider Nest.
 18310 | Lair:2   | Found a staircase to the Swamp.
 19160 | Lair:3   | Got a polished morningstar
 19168 | Lair:3   | Identified the +6 morningstar of Kesmalesh {vamp, *Slow MR++} (You found it on level 3 of the Lair of Beasts)
 19321 | Lair:3   | Found a dark tunnel.
 19329 | Volcano  | Entered a volcano
 19345 | Volcano  | Received a gift from Okawaru
 19532 | Volcano  | Reached skill level 15 in Shields
 21575 | Lair:6   | Entered Level 6 of the Lair of Beasts
 21617 | Lair:6   | Found a labyrinth entrance.
 21683 | Lab      | Entered a labyrinth
 22681 | Lair:6   | Received a gift from Okawaru
 22684 | Lair:6   | Got a scorched flail {god gift}
 22685 | Lair:6   | Identified the +6 flail of Circular Logic {crush, +Inv rPois Str+4} (Okawaru gifted it to you on level 6 of the Lair of Beasts)
 22747 | Lair:6   | Found a staircase to the Slime Pits.
 22959 | Lair:6   | Reached XP level 15. HP: 137/139 MP: 18/18
 23687 | Lair:2   | Reached ****** piety under Okawaru
 23722 | Lair:2   | Gained mutation: You have large cloven feet. [potion of beneficial mutation]
 23930 | D:14     | Received a gift from Okawaru
 23933 | D:14     | Got an ancient cloak {god gift}
 23944 | D:14     | Identified the +0 cloak of Sunlight {rN+ Dex+2 Slay+2} (Okawaru gifted it to you on level 14 of the Dungeon)
 23971 | D:14     | Reached skill level 15 in Fighting
 24180 | D:14     | Found a shadowy altar of Dithmenos.
 24604 | D:15     | Entered Level 15 of the Dungeon
 24951 | D:15     | Reached skill level 10 in Dodging
 25030 | D:15     | Gained mutation: Your flesh is cold resistant. (rC+) [potion of beneficial mutation]
 25031 | D:15     | Gained mutation: Your spells are a little harder to cast, but a little more powerful. [potion of beneficial mutation]
 25506 | D:15     | Found a staircase to the Depths.
 25506 | D:15     | Noticed a frost giant
 25512 | D:15     | Killed a frost giant
 25533 | Depths:1 | Entered Level 1 of the Depths
 25542 | Depths:1 | Found a gateway to a ziggurat.
 25695 | Depths:1 | Received a gift from Okawaru
 26207 | Spider:1 | Entered Level 1 of the Spider Nest
 26268 | Spider:1 | Received a gift from Okawaru
 26326 | Spider:1 | Reached XP level 16. HP: 94/149 MP: 0/19
 27043 | Spider:1 | Received a gift from Okawaru
 27047 | Spider:1 | Got a smoking cloak {god gift}
 27058 | Spider:1 | Identified the +2 cloak of Zusk {rN+} (Okawaru gifted it to you on level 1 of the Spider Nest)
 27171 | Spider:2 | Noticed Louise
 27191 | Spider:2 | Killed Louise
 27447 | Spider:2 | Noticed Agnes
 27459 | Spider:2 | Killed Agnes
 28194 | Spider:3 | Reached skill level 15 in Dodging
 28427 | Spider:3 | Received a gift from Okawaru
 28851 | Spider:3 | Reached XP level 17. HP: 156/156 MP: 20/20
 28866 | Spider:4 | Entered Level 4 of the Spider Nest
 28866 | Spider:4 | Noticed Arachne
 29286 | Spider:4 | Received a gift from Okawaru
 29294 | Spider:4 | Got a steaming hat {god gift}
 29314 | Spider:4 | Killed Arachne
 29337 | Spider:4 | Identified the +2 hat of Jiag {+Inv Regen+ rCorr Dex-4} (Okawaru gifted it to you on level 4 of the Spider Nest)
 29479 | Spider:4 | Noticed Nikola
 29619 | Spider:4 | Reached skill level 15 in Armour
 29988 | Spider:4 | Got a gossamer rune of Zot
 30172 | Spider:4 | Killed Nikola
 30172 | Spider:4 | Received a gift from Okawaru
 30559 | Swamp:1  | Entered Level 1 of the Swamp
 30714 | Swamp:1  | Gained mutation: Your spells are harder to cast, but more powerful. [potion of beneficial mutation]
 31120 | Swamp:1  | Noticed Aizul
 31131 | Swamp:1  | Killed Aizul
 32004 | Swamp:2  | Received a gift from Okawaru
 32222 | Swamp:2  | Paralysed by a hornet for 1 turns
 32630 | Swamp:3  | Reached skill level 1 in Evocations
 32731 | Swamp:3  | Reached XP level 18. HP: 155/163 MP: 19/21
 33119 | Swamp:3  | Learned a level 2 spell: Shroud of Golubria
 33171 | Swamp:3  | Received a gift from Okawaru
 33198 | Swamp:4  | Entered Level 4 of the Swamp
 33301 | Swamp:4  | Reached skill level 5 in Evocations
 33302 | Swamp:4  | Noticed the 27-headed Lernaean hydra
 33322 | Swamp:4  | Killed the 27-headed Lernaean hydra
 33436 | Swamp:4  | Got a decaying rune of Zot
 34449 | Elf:1    | Entered Level 1 of the Elven Halls
 34984 | Elf:1    | HP: 2/163 [deep elf mage/bolt of lightning (25)]
 34984 | Elf:1    | Killed from afar by a soul eater

Vault maps used:
D:1:      co_arrival_square_in_a_square_in_a_square, serial_corexii_hall,
          corexii_hall_statues_l, corexii_hall_statues_i,
          corexii_hall_statues_i, corexii_hall_statues_x, moated_statue
D:2:      first_bread, minmay_goblin_outpost
D:3:      minitemple
D:4:      corexii_shantytown, minmay_temple_entry_poolview, uniq_edmund
D:5:      serial_bayou_pond_a, uniq_blork_the_orc
D:7:      cheibrodos_two_vegetables, lemuel_doored_altar
D:8:      serial_shops, nicolae_shop_stone, david_nohive_1, st_stairs_9
D:9:      gammafunk_temple_overflow_elements, evilmike_minifort
D:10:     grunt_lair_entry_orc_guard_hut,
          kennysheep_orc_monster_closet_entryway,
          nicolae_qazlal_eye_of_the_storm
D:13:     david_vaults_5
D:14:     nicolae_dithmenos_shadow_blocks, lemuel_freeze_loot_1
D:15:     grunt_enter_depths_snipers, kennysheep_flooded_box
Temple:   minmay_temple_bridge_abc
Lair:1:   beast_lair_carwin_2, uniq_harold
Lair:2:   swamp_mist_pool, spider_nest_entry_web_field, minivault_27
Lair:3:   nicolae_volcano_entry_hallway, grunt_forest_stairs_basic,
          lemuel_fruit_tree
Lair:4:   dpeg_oklob_1
Lair:5:   minmay_lair_oklob_chamber, grunt_megastairs_2, lemuel_fruit_fields
Lair:6:   due_jungle_book, slime_dummy, lab_entry_generic, minivault_19,
          grunt_forest_large_clearings
Swamp:1:  evilmike_swamp_ruin_house_4, swamp_pool1, nicolae_swamp_treefoil,
          water_boxes_lemuel, infiniplex_staircase_pool, uniq_aizul
Swamp:2:  evilmike_swamp_ruin_house_5
Swamp:3:  evilmike_swamp_ruin_house_1
Swamp:4:  swamp_old_school
Spider:1: nicolae_spider_corner, nicolae_spider_webbed_stairs
Spider:2: uniq_louise, uniq_agnes
Spider:3: spider_trap, nicolae_spider_ant_collections
Spider:4: spider_rune_water, nicolae_orb_stairs, uniq_arachne, uniq_nikola
Orc:1:    serial_shops, shop, nicolae_shop_window_shopping, nicolae_shop_stone,
          mines2_david
Orc:2:    grunt_orc_tribal_feast, uniq_rupert, uniq_josephine, uniq_sonja
Elf:1:    minmay_elf_arrival_plus, enter_trove_6, minmay_elf_sorcery,
          grunt_ministairs_10
Depths:1: enter_ziggurat_f, special_room, minmay_misc_feat_secret_circle,
          hangedman_coc_ice_floe, chequers_big_river,
          nicolae_transmutations_shop
Lab:      labyrinth_skeletal_remains, lab_block, nicolae_lab_diamond,
          nicolae_lab_dead_end, nicolae_lab_very_dead_end
Volcano:  volcano_bunker

Skill      XL: |  1  2  3  4  5  6  7  8  9 10 11 12 13 14 15 16 17 18 |
---------------+-------------------------------------------------------+-----
Maces & Flails | 3 4 5 6 8 9 10 11 12 14 15 16 | 16.3
Armour         | 4 7 9 11 12 13 18 | 18.3
Shields        | 4 7 9 11 13 14 15 17 18 | 18.2
Fighting       | 4 5 7 9 11 12 14 15 | 15.1
Invocations    | 1 2 4 5 6 |  6.2
Dodging        | 9 12 15 | 15.1
Evocations     | 2 9 |  9.0

Action                   |  1- 3 |  4- 6 |  7- 9 | 10-12 | 13-15 | 16-18 || total
-------------------------+-------+-------+-------+-------+-------+-------++-------
Melee: Flail             |   115 |   149 |   240 |   646 |   691 |       ||  1841
       Headbutt          |    13 |    19 |    51 |   153 |   411 |   385 ||  1032
       Whip              |       |       |     9 |    11 |       |       ||    20
       Morningstar       |       |       |       |       |   851 |  1746 ||  2597
       Eveningstar       |       |       |       |       |       |     3 ||     3
Invok: Heroism           |       |       |     2 |    14 |    27 |    11 ||    54
       Finesse           |       |       |       |     5 |     4 |     3 ||    12
 Abil: Evoke Invisibilit |       |       |       |       |       |     1 ||     1
Evoke: Wand              |       |     3 |     1 |     3 |     2 |       ||     9
       Lamp of fire      |       |       |       |       |     1 |       ||     1
  Use: Scroll            |       |     9 |     9 |    10 |    11 |     9 ||    48
       Potion            |       |     1 |     4 |       |     6 |     3 ||    14
 Stab: Invisible         |       |       |     1 |       |       |     7 ||     8
       Sleeping          |       |       |       |       |     1 |       ||     1
  Eat: Chunk             |     2 |     5 |     9 |    19 |    30 |    26 ||    91
       Fruit             |       |       |     3 |     4 |    14 |     6 ||    27
       Meat ration       |       |       |       |       |     3 |     1 ||     4
       Royal jelly       |       |       |       |       |     1 |       ||     1
       Bread ration      |       |       |       |       |       |     2 ||     2
Armor: Scale mail        |    49 |    48 |    78 |   181 |       |       ||   356
       Plate armour      |       |       |       |       |   476 |   637 ||  1113
       Robe              |       |       |       |       |    42 |       ||    42
Dodge: Dodged            |    32 |    41 |    60 |   147 |   578 |  1017 ||  1875
Block: Shield            |    64 |    68 |   113 |   380 |  1044 |  1413 ||  3082
